 Dungeon Crawl Stone Soup version 0.28.0-1-gb440e238dd (webtiles) character file.

Game seed: 9450209892851528391

246 pkoi the Gusty (level 5, 0/38 HPs)
             Began as a Draconian Air Elementalist on Feb 19, 2022.
             Killed from afar by Dowan (24 damage)
             ... with a shard of ice
             ... on level 4 of the Dungeon.
             The game lasted 00:06:53 (5337 turns).

pkoi the Gusty (Draconian Air Elementalist)         Turns: 5337, Time: 00:06:55

Health: 0/38       AC:  5    Str: 11    XL:     5   Next: 84%
Magic:  0/9        EV: 12    Int: 17    God:
Gold:   118        SH:  0    Dex: 11    Spells: 2/10 levels left

rFire   . . .      SeeInvis .   q - +1 short sword (elec)
rCold   . . .      Faith    .   (no shield)
rNeg    . . .      Spirit   .   (armour unavailable)
rPois   .          Reflect  .   (helmet restricted)
rElec   .          Harm     .   (no cloak)
rCorr   .          Rampage  .   (no gloves)
Will    .....                   (no boots)
Stlth   ++........              h - amulet of regeneration
HPRegen 0.92/turn               (no ring)
MPRegen 0.11/turn               (no ring)

@: no status effects
A: AC +5, unfitting armour, cold-blooded
a: no special abilities


You were on level 4 of the Dungeon.
You visited 1 branch of the dungeon, and saw 4 of its levels.

You collected 118 gold pieces.

Inventory:

Hand Weapons
 b - a +0 club
 i - a +2 dagger of freezing
 q - a +1 short sword of electrocution (weapon)
Jewellery
 h - an amulet of regeneration (around neck)
Wands
 j - a wand of flame (19)
 l - a wand of iceblast (5)
Scrolls
 a - a scroll of enchant weapon {unknown}
 d - 7 scrolls of identify {unknown}
 e - a scroll of torment {unknown}
 f - a scroll of summoning {unknown}
 k - a scroll of fear {unknown}
 m - a scroll of magic mapping {unknown}
 n - a scroll of vulnerability {unknown}
Potions
 c - a potion of flight {unknown}
 g - a potion of cancellation {unknown}
 o - a potion of berserk rage {unknown}
 p - a potion of magic {unknown}


   Skills:
 - Level 1.7 Dodging
 - Level 1.7 Stealth
 - Level 3.0 Spellcasting
 - Level 1.0 Conjurations
 * Level 6.1 Air Magic


You had 2 spell levels left.
You knew the following spells:

 Your Spells              Type           Power      Damage    Failure   Level
a - Shock                 Conj/Air       56%        1d6       4%          1
b - Swiftness             Air            23%        N/A       4%          3
c - Airstrike             Air            11%        N/A       14%         4

Your spell library contained the following spells:

 Spells                   Type           Power      Damage    Failure   Level
 Static Discharge         Conj/Air       14%        N/A       6%          2
 Beastly Appendage        Tmut           4%         N/A       17%         1
 Wereblood                Tmut           2%         N/A       26%         2
 Spider Form              Tmut/Pois      2%         N/A       45%         3


Dungeon Overview and Level Annotations

Branches:
Dungeon (4/15)
 Temple: D:4-7

Altars:

Shops:
D:2 [

Annotations:
D:2 1 runed translucent door, Crazy Yiuf
D:4 Dowan


Innate Abilities, Weirdness & Mutations

Your plain brown scales are hard. (AC +5)
You cannot fit into any form of body armour.
You are cold-blooded and may be slowed by cold attacks.


Message History

Unknown command.
Aiming: Shock (safe; 4% risk of failure)
Press: ? - help, Q - select action, (/) - cycle Shift-Dir - straight line The zap hits Dowan.
Dowan is severely wounded.
The zap hits Dowan but does no damage.
Dowan is severely wounded.
Dowan mumbles some strange words.
Dowan blinks!
Aiming: Shock (safe; 4% risk of failure)
Press: ? - help, Q - select action, (/) - cycle Shift-Dir - straight line, f - Dowan
Aim: Dowan, wielding a +0 dagger of protection and wearing a +1 robe of the Archmagi (severely wounded, fast, 60% to hit)
The zap misses Dowan.
Unknown command.
Dowan hits you but does no damage.
Aiming: Shock (safe; 4% risk of failure)
Press: ? - help, Q - select action, (/) - cycle Shift-Dir - straight line, f/p - Dowan
Aim: Dowan, wielding a +0 dagger of protection and wearing a +1 robe of the Archmagi (severely wounded, fast, 60% to hit)
That beam is likely to hit you.
Continue anyway?
Okay, then.
Aiming: Shock (safe; 4% risk of failure)
Press: ? - help, Q - select action, (/) - cycle Shift-Dir - straight line, f/p - Dowan
Aim: Dowan, wielding a +0 dagger of protection and wearing a +1 robe of the Archmagi (severely wounded, fast, 60% to hit)
That beam is likely to hit you.
Continue anyway?
The zap misses Dowan. x2; The zap misses you.
Dowan misses you.
Dowan hits you with a +0 dagger of protection.
* * * LOW HITPOINT WARNING * * *
Unknown command.
You closely miss Dowan.
Dowan is severely wounded.
Dowan closely misses you.
You hit Dowan but do no damage.
Dowan is severely wounded.
Dowan points at you and mumbles some strange words.
The stone arrow misses you. Dowan gestures at you while chanting.
The shard of ice hits you!!
Ouch! That really hurt!
You die...

##### ###
######.#.###########.#
#......#.e@..........#
####.####.#.###########.#
#.......#.#.# #.#
#.##.##.#.#e# #.#
####..#.##.#.#.# #.#
......#....#.#.# #.#
......######.#.# #.#
.............#.# #.#
......########.### #.#


You could see Dowan (fast).

Vanquished Creatures
  Duvessa (D:4)
  A bullfrog skeleton (D:3)
  Ijyb (D:3)
  2 adder skeletons (D:4)
  A worm (D:3)
  2 dart slugs
  7 orcs
  5 endoplasms
  A giant cockroach (D:3)
  7 goblins
  2 hobgoblins
  4 jackals (D:1)
  5 quokkas
  7 ball pythons
  4 bats
  3 frilled lizards
  11 kobolds
  7 rats
71 creatures vanquished.

Vanquished Creatures (others)
  5 fungi (D:3)
  3 plants (D:3)
8 creatures vanquished.

Grand Total: 79 creatures vanquished

Notes
Turn   | Place    | Note
-------+----------+-------------------------------------------
     0 | D:1      | pkoi the Draconian Air Elementalist began the quest for the
                  | Orb.
     0 | D:1      | Reached XP level 1. HP: 14/14 MP: 3/3
   411 | D:1      | Reached XP level 2. HP: 15/20 MP: 0/5
  1975 | D:2      | Found Qiudeud's Antique Armour Shop.
  2001 | D:2      | Reached XP level 3. HP: 26/26 MP: 4/6
  2353 | D:2      | Reached skill level 4 in Air Magic
  2850 | D:2      | Upgraded the game from 0.28.0 to 0.28.0-1-gb440e238dd
  2900 | D:2      | Found a runed translucent door.
  2901 | D:2      | Noticed Crazy Yiuf
  2935 | D:3      | Learned a level 3 spell: Swiftness
  3834 | D:3      | Reached XP level 4. HP: 33/33 MP: 5/8
  3884 | D:3      | Found a faded altar of an unknown god.
  4036 | D:3      | Noticed Ijyb
  4047 | D:3      | Killed Ijyb
  4048 | D:3      | Reached skill level 5 in Air Magic
  4148 | D:3      | Learned a level 4 spell: Airstrike
  4516 | D:4      | Reached XP level 5. HP: 38/38 MP: 3/9
  4971 | D:4      | Noticed Dowan
  4972 | D:4      | Noticed Duvessa
  5192 | D:4      | Killed Duvessa
  5193 | D:4      | Reached skill level 6 in Air Magic
  5337 | D:4      | Killed from afar by Dowan

Illustrated notes

Levels and vault maps discovered:
D:1:      minmay_arrival_three_doors, layout_basic
D:2:      layout_loops_cross, serial_shops, nicolae_shop_hallway_plus,
          uniq_crazy_yiuf_cottage
D:3:      layout_loops_ring, dreamdust_ecumenical_altar_grove,
          minmay_misc_feat_enclosed, uniq_ijyb
D:4:      layout_basic, nemelex_altar_shiori, temple_green, uniq_duvessa

Skill      XL: |  1  2  3  4  5 |
---------------+----------------+-----
Air Magic      | 4 5 6 |  6.1
Spellcasting   | 3 |  3.0
Dodging        | |  1.7
Stealth        | |  1.7
Conjurations   | |  1.0

Action                   |  1- 3 |  4- 6 || total
-------------------------+-------+-------++-------
Melee: Club              |    46 |       ||    46
       Unarmed           |     4 |       ||     4
       Tailslap          |     6 |     2 ||     8
       Dagger            |       |    10 ||    10
       Short sword       |       |     4 ||     4
 Cast: Shock             |   105 |    67 ||   172
 Stab: Sleeping          |     1 |       ||     1
Armor: Skin              |    21 |    15 ||    36
Dodge: Dodged            |    51 |    30 ||    81
